 Dungeon Crawl Stone Soup version 0.22.1-1-ga44c0e5 (webtiles) character file.

76 Lavandula the Chopper (level 4, -3/38 HPs)
             Began as a Centaur Berserker on Sept 22, 2018.
             Was a Believer of Trog.
             Slain by Grinder (6 damage)
             ... on level 4 of the Dungeon.
             The game lasted 00:03:03 (645 turns).

Lavandula the Chopper (Centaur Berserker)            Turns: 645, Time: 00:03:03

Health: -3/38      AC:  4    Str: 20    XL:     4   Next: 12%
Magic:  4/4        EV:  9    Int:  6    God:    Trog [**....]
Gold:   48         SH:  0    Dex:  9    Spells: 3/3 levels left

rFire    . . .     SeeInvis .   a - +0 hand axe
rCold    . . .     Gourm    .   (no shield)
rNeg     . . .     Faith    .   b - +0 animal skin
rPois    .         Spirit   .   (no helmet)
rElec    .         Reflect  .   (no cloak)
rCorr    .         Harm     .   (no gloves)
MR       ++...                  (no barding)
Stlth    +.........             e - amulet of magic regeneration
HPRegen  1.12/turn              (no ring)
MPRegen  0.34/turn              (no ring)

@: berserk cooldown, regenerating, slowed
A: large, hooves 3, deformed body, speed 2, tough skin 3
a: Berserk, Trog's Hand, Renounce Religion


You were on level 4 of the Dungeon.
You worshipped Trog.
Trog was pleased with you.
You were hungry.

You visited 1 branch of the dungeon, and saw 4 of its levels.

You collected 48 gold pieces.

Inventory:

Hand Weapons
 a - a +0 hand axe (weapon)
Missiles
 f - 3 poisoned javelins (quivered)
Armour
 b - a +0 animal skin (worn)
Jewellery
 e - an amulet of magic regeneration (around neck)
Scrolls
 d - a scroll of identify {unknown}
 h - a scroll of remove curse {unknown}
 k - a scroll of noise {unknown}
Potions
 g - a potion of lignification {unknown}
 j - 2 potions of agility {unknown}
Comestibles
 c - 2 rations
 i - 5 chunks of flesh


   Skills:
 - Level 3.0 Fighting
 + Level 4.5 Axes
 - Level 1.3 Armour
 - Level 1.3 Dodging


You had 3 spell levels left.
You didn't know any spells.
Your spell library was empty.

Dungeon Overview and Level Annotations

Branches:
Dungeon (4/15)
 Temple: D:4-7

Altars:

Annotations:
D:4 Grinder


Innate Abilities, Weirdness & Mutations

You have hooves in place of feet.
Armour fits poorly on your strangely shaped body.
You cover ground very quickly.
You have extremely tough skin. (AC +3)


Message History

You closely miss Grinder. Grinder gestures at you.
You resist with almost no effort.
You barely miss Grinder. You kick Grinder.
Grinder is lightly wounded.
Grinder gestures at you. You resist with almost no effort. Grinder misses you.
You barely miss Grinder.
Grinder is lightly wounded.
You feel the effects of Trog's Hand fading.
Grinder hits you!
* * * LOW HITPOINT WARNING * * *
Grinder gestures at you. You resist with almost no effort.
You closely miss Grinder.
Grinder is lightly wounded.
Grinder hits you!
* * * LOW HITPOINT WARNING * * *
You writhe in agony.
You die...

.... #. ##
#...##. ..
.......#####.#
.#.........#.####
.................
.............#
..#..........#
#......5.#.#
#.......@# #
#........#
#.######## ... ..


You could see Grinder.

Vanquished Creatures
  4 adders
  A worm (D:3)
  A dart slug (D:3)
  2 leopard geckos
  3 orcs (D:3)
  A giant cockroach (D:3)
  4 hobgoblins
  2 jackals (D:3)
  4 kobolds
  A ball python (D:3)
  A bat (D:3)
  A frilled lizard (D:3)
  6 goblins
  2 rats
33 creatures vanquished.

Notes
Turn   | Place    | Note
-------+----------+-------------------------------------------
     0 | D:1      | Lavandula the Centaur Berserker began the quest for the
                  | Orb.
     0 | D:1      | Reached XP level 1. HP: 19/19 MP: 1/1
   117 | D:1      | Reached skill level 3 in Axes
   228 | D:3      | Reached XP level 2. HP: 26/26 MP: 2/2
   322 | D:3      | Reached XP level 3. HP: 13/31 MP: 3/3
   323 | D:3      | Reached skill level 4 in Axes
   430 | D:3      | Reached ** piety under Trog
   519 | D:2      | Reached XP level 4. HP: 24/38 MP: 4/4
   631 | D:4      | Noticed Grinder
   645 | D:4      | Slain by Grinder

Skill      XL: |  1  2  3 |
---------------+----------+-----
Axes           | 3 4 |  4.5
Fighting       | |  3.0
Armour         | |  1.3
Dodging        | |  1.3

Action                   |  1- 3 |  4- 6 || total
-------------------------+-------+-------++-------
Melee: Hand axe          |    47 |     9 ||    56
       Kick              |     7 |     1 ||     8
Invok: Berserk           |     4 |     2 ||     6
       Trog's Hand       |       |     1 ||     1
  Eat: Chunk             |     1 |     3 ||     4
Armor: Animal skin       |    20 |     1 ||    21
Dodge: Dodged            |    30 |     2 ||    32
